Get step-by-step instructions on how to execute this build order below. Start the game timer, and the build order will tick by so you can play in parallel with StarCraft on a second screen or mobile device.

Game Time

  0:00

Last Step

  N/A

Next Step

Upcoming Step



Don't want to look back and forth between 2 screens? Try out our Overwolf App, the Spawning Tool Build Advisor to get an in-game overlay with this build!

Complete Build Order

  12  0:00  SCV  
  13  0:12  SCV  
  14  0:17  Supply Depot  
  14  0:24  SCV  
  15  0:38  SCV  
  15  0:41  Barracks  
  16  0:43  Refinery  
  16  0:50  SCV  
  17  1:03  SCV  
  18  1:15  SCV  
  19  1:28  Orbital Command, Reaper  
  20  1:39  Command Center  
  20  1:50  Supply Depot  
  20  1:53  SCV  
  21  2:00  Marine  
  22  2:05  Factory  
  22  2:07  SCV  
  23  2:17  Bunker  
  23  2:21  Barracks Reactor, SCV  
  24  2:33  SCV  
  25  2:38  Barracks  
  25  2:45  SCV  
  25  2:49  Factory Tech Lab  
  26  2:52  Orbital Command  
  26  2:53  Refinery  
  26  2:57  SCV, Marine x2  
  29  3:09  SCV  
  30  3:17  Siege Tank, Marine  
  30  3:18  Marine  
  30  3:19  SCV  
  36  3:21  SCV  
  36  3:27  Bunker  
  36  3:31  SCV  
  36  3:32  Barracks Tech Lab  
  36  3:33  SCV  
  38  3:38  Marine x2  
  40  3:43  Supply Depot, SCV  
  40  3:45  SCV  
  42  3:51  Stimpack, Marine  
  42  3:55  SCV  
  44  3:56  Marine x2  
  46  4:04  Supply Depot  
  46  4:05  Siege Tank, SCV  
  46  4:07  SCV  
  46  4:09  Marine  
  52  4:14  Marine x2  
  54  4:22  Starport  
  54  4:25  SCV x2  
  54  4:27  Marine  
  54  4:28  Supply Depot  
  56  4:32  Marine x2  
  56  4:37  SCV  
  59  4:38  SCV  
  59  4:40  Command Center  
  60  4:49  SCV  
  60  4:50  Siege Tank, SCV  
  65  4:54  Marine  
  65  4:55  Supply Depot  
  65  4:58  Refinery  
  68  5:01  SCV  
  68  5:03  Supply Depot  
  68  5:04  Medivac  
  69  5:07  SCV  
  69  5:14  SCV  
  69  5:19  Refinery  
  69  5:22  SCV  
  69  5:23  Marine x2  
  69  5:26  Marine, SCV  
  74  5:30  Siege Tank  
  74  5:32  Barracks x2  
  74  5:33  Barracks, Engineering Bay  
  74  5:34  SCV  
  78  5:39  SCV  
  79  5:42  Marine x2  
  79  5:46  SCV  
  79  5:47  Marauder  
  79  5:48  Starport Reactor  
  84  5:51  SCV  
  84  5:52  Supply Depot  
  84  5:53  Orbital Command  
  85  5:58  SCV  
  85  6:01  Marine x2  
  85  6:03  SCV  
  89  6:05  Siege Tank  
  89  6:09  Orbital Command, Marauder  
  94  6:11  Terran Infantry Weapons Level 1  
  94  6:12  SCV  
  94  6:13  Combat Shield  
  94  6:15  SCV  
  96  6:20  Barracks Reactor, Barracks Tech Lab  
  96  6:24  SCV  
  97  6:29  Marine x2  
  97  6:30  Barracks Tech Lab, Marauder  
  97  6:31  Medivac  
  102  6:34  SCV  
  102  6:36  SCV  
  102  6:38  Supply Depot  
  104  6:42  Marauder  
  104  6:44  Medivac  
  104  6:46  SCV  
  109  6:53  Supply Depot  
  109  6:54  Supply Depot, Concussive Shells  
  109  6:59  SCV x2, Marine x2  
  109  7:00  Marauder x2  
  117  7:01  Missile Turret  
  117  7:04  Supply Depot  
  117  7:14  Marine x2  
  117  7:15  Marauder, SCV x3  
  124  7:16  Siege Tank  
  124  7:20  Marine x2  
  124  7:21  Marauder  
  131  7:25  Marauder  
  131  7:27  SCV  
  130  7:32  Marine x2  
  130  7:36  Marauder  
  132  7:40  Marine  
  132  7:41  SCV  
  132  7:42  Marauder  
  134  7:48  Siege Tank  
  135  7:53  Marine  
  135  7:54  Marauder  
  135  7:55  SCV, Marine x2  
  141  8:05  SCV  
  141  8:09  Terran Infantry Armor Level 1  
  141  8:11  Armory, Supply Depot  
  141  8:13  Supply Depot  
  141  8:28  Command Center, Supply Depot, Refinery x2  
  141  8:30  Medivac, Supply Depot, Marine x2, SCV x2  
  141  8:31  Marauder  
  141  8:32  Medivac, Marine x3  
  141  8:33  Marauder  
  156  8:45  Ghost Academy  
  156  8:47  SCV x2  
  156  8:48  Marauder, Marine  
  161  8:50  Marine  
  161  8:54  Marauder, Marine x2  
  166  8:56  Marauder  
  158  9:03  Medivac x2  
  158  9:07  Marine  
  158  9:09  Siege Tank, SCV x2  
  171  9:10  Marauder, SCV  
  163  9:21  SCV  
  163  9:22  SCV x2  
  164  9:30  Marauder  
  165  9:34  Marine x3, SCV  
  165  9:35  Marauder  
  165  9:37  Marine  
  165  9:38  Marauder  
  174  9:42  Siege Tank  
  174  9:43  SCV  
  164  9:47  Medivac x2  
  164  9:50  Marine  
  164  9:52  Marine x2  
  158  9:54  Marine  
  158  9:56  Marauder  
  158  9:57  Marine  
  158  9:59  Marauder  
  152  10:00  SCV x2  
  150  10:08  Marine  
  150  10:10  Marine x2  
  150  10:11  Marine  
  148  10:14  Siege Tank  
  148  10:17  Marauder  
  148  10:19  Marine  
  148  10:20  Marauder  
  124  10:27  Marine, SCV, Marauder  
  124  10:28  Marine  
  107  10:29  Marine  
  107  10:34  Viking  
  106  10:39  Terran Infantry Weapons Level 2, Marauder  
  106  10:40  Marine  
  106  10:42  Viking, Marauder  
  113  10:45  Planetary Fortress  
  113  10:46  Siege Tank, SCV  
  113  10:47  SCV  
  113  10:48  Marauder, SCV  
  113  10:49  Marine x2  
  122  10:51  Marine  
  124  11:02  Marine, SCV x2  
  124  11:03  Marauder x2  
  131  11:07  Marine x2  
  131  11:10  Viking, Marauder  
  132  11:12  Viking  
  132  11:13  Marine  
  132  11:17  SCV x2  
  137  11:22  SCV x2  
  137  11:23  Ghost  
  137  11:24  Ghost  
  143  11:28  Marine x2  
  143  11:29  Marine  
  143  11:30  Ghost  
  143  11:32  SCV x2  
  150  11:34  Marine, SCV  
  152  11:41  Viking  
  152  11:42  Viking  
  152  11:46  Marine  
  157  11:47  SCV x3  
  157  11:50  Marine  
  157  11:51  Marine  
  157  11:52  Ghost x2  
  166  12:04  SCV x2  
  166  12:05  Marauder, Marine x2  
  166  12:07  Sensor Tower  
  166  12:08  Marine  
  173  12:11  Viking  
  173  12:12  Viking  
  177  12:16  Marine  
  177  12:17  Siege Tank  
  181  12:24  SCV  
  181  12:26  Barracks, Ghost  
  181  12:27  Barracks x2, Marine  
  185  12:33  Ghost x2, Marine  
  190  12:41  Viking, Marine  
  190  12:42  Viking, Refinery  
  195  13:07  Marine  
  195  13:10  Marine  
  195  13:14  Barracks Reactor, Barracks Tech Lab x2  
  195  13:15  Terran Infantry Weapons Level 3  
  195  13:16  Marine  
  196  13:28  Marine x2  
  196  13:29  Marauder x2  
  196  13:31  Viking  
  196  13:32  Marine x2, Marauder  
  196  13:35  Marauder  
  177  13:50  Marauder x3  
  177  13:53  Marine, Marauder  
  177  13:55  Marine  
  172  13:56  Marauder, Marine  
  172  14:08  Marine x3  
  160  14:10  Siege Tank  
  160  14:11  Marine  
  160  14:12  Liberator, Marauder x3  
  160  14:13  Liberator, Command Center, Marine  
  160  14:14  Marauder  
  160  14:15  Marine  
  180  14:18  Marauder  
  175  14:26  Marine  
  146  14:33  Marauder x3  
  146  14:35  Marine x4  
  146  14:36  Marauder, Marine  
  149  14:39  Marauder  
  149  14:42  Siege Tank  
  154  14:47  Marine  
  155  14:54  Marauder, Marine  
  155  14:55  Marine, Medivac, Marauder x2  
  155  14:56  Medivac  
  167  15:06  Marine, Marauder  
  167  15:07  Marine  
  171  15:17  Barracks  
  171  15:18  Starport  
  171  15:19  Barracks, Ghost, Command Center  
  173  15:28  Ghost x3, Factory Reactor  
  179  15:39  Missile Turret, Marine x2  
  179  15:40  Ghost, Marine x2  
  179  15:41  Medivac  
  179  15:42  Medivac  
  189  15:46  Fusion Core  
  189  15:49  Marauder  
  191  15:50  Marine  
  191  15:52  Terran Infantry Armor Level 2  
  191  15:54  Missile Turret  
  191  15:56  Ghost x2  
  192  15:57  Marauder, Marine  
  196  16:17  Ghost x2  
  196  16:18  Marine x7  
  184  16:21  Medivac  
  184  16:25  Marine  
  190  16:26  Planetary Fortress  
  190  16:29  Marauder  
  193  16:37  Marine  
  193  16:38  Marine x2  
  193  16:39  Marine, Marauder  
  199  16:43  Starport Reactor  
  199  16:50  Terran Ship Weapons Level 1, Advanced Ballistics  
  199  16:57  Orbital Command  
  174  17:11  Marauder  
  174  17:13  Marauder  
  174  17:15  Marauder x2, Marine x2  
  160  17:16  Widow Mine x2  
  160  17:17  Liberator x2  
  170  17:26  Marauder  
  170  17:29  Marine x4  
  175  17:37  Liberator x2  
  176  17:38  Widow Mine x2  
  184  17:45  Marauder  
  184  17:49  Marauder  
  188  17:55  Marauder x2, Marine x7  
  197  18:05  Marine  
  197  18:07  Widow Mine  
  197  18:08  Command Center  
  197  18:11  Terran Infantry Armor Level 3  
  200  18:26  Liberator  
  196  18:40  Liberator x3, Marauder x2, Marine  
  188  18:41  Marine  
  188  18:42  Marauder x2, Marine x5  
  188  18:44  Caduceus Reactor  
  188  18:45  Widow Mine  
  188  18:46  Widow Mine  
  185  18:58  Marine  
  185  19:00  Marauder  
  188  19:09  Liberator  
  195  19:10  Widow Mine x2  
  195  19:13  Marauder x2, Marine  
  199  19:19  Refinery  
  199  19:20  Refinery  
  196  19:38  Liberator  
  196  19:44  Command Center  
  199  19:53  Missile Turret  
  179  20:12  Liberator x3  
  179  20:13  Marauder x4, Marine x3  
  177  20:16  Marauder  
  172  20:23  Terran Ship Weapons Level 2  
  172  20:26  Liberator  
  172  20:30  Widow Mine x2  
  172  20:31  Marine x3  
  172  20:34  Marauder x2  
  183  20:45  Planetary Fortress  
  180  20:52  Marauder  
  171  21:06  Liberator  
  174  21:12  Marauder x2  
  174  21:15  Marauder x2, Marine  
  179  21:20  Marauder  
  179  21:24  Marine x5  
  145  21:26  Widow Mine x2  
  145  21:30  Liberator  
  146  21:33  Marauder x2, Marine  
  146  21:36  Marine  
  146  21:37  Marauder  
  151  21:41  Marine  
  151  21:42  Marine x5  
  156  21:47  Widow Mine x2  
  156  21:50  Marine  
  156  21:54  Marauder, Marine  
  161  22:00  Marauder  
  158  22:03  Marine, Marauder  
  158  22:04  Liberator, Marauder, Marine  
  158  22:08  Marine x2  
  149  22:09  Widow Mine x2  
  149  22:10  Marine x2  
  149  22:12  Marauder  
  149  22:13  SCV x5  
  149  22:15  Marine  
  151  22:22  Viking  
  151  22:23  Marine  
  151  22:24  Marine, Marauder x2  
  151  22:25  Marine  
  151  22:28  Refinery  
  156  22:33  Marine  
  156  22:34  Marine x4  
  161  22:37  Marine  
  161  22:38  Refinery x2  
  161  22:39  Widow Mine x2  
  155  23:00  Liberator x2  
  155  23:05  Marauder  
  153  23:09  Marine  
  153  23:12  Marine  
  151  23:14  Marauder  
  151  23:18  Viking, Marauder  
  151  23:19  Viking  
  154  23:21  SCV x2  
  154  23:22  SCV  
  155  23:37  Marauder, Command Center, Widow Mine x2, Marine  
  160  23:43  Marine x4  
  160  24:02  Viking x2  
  160  24:03  Viking x2  
  161  24:30  Orbital Command  
  156  24:32  Viking x2  
  156  24:33  Viking x2  
  161  24:44  Ghost  
  161  24:45  Marine x7  
  167  24:58  Ghost  
  167  24:59  Ghost, Marine  
  171  25:02  Viking x2  
  171  25:03  Marine x6  
  171  25:05  SCV x4  
  171  25:06  SCV x2  
  186  25:07  SCV  
  185  25:17  Viking x2, SCV  
  185  25:18  Orbital Command  
  185  25:19  Missile Turret  
  190  25:24  SCV x3  
  190  25:26  Missile Turret x2  
  192  25:32  Viking  
  192  25:34  Ghost x2  
  198  25:49  Medivac  
  200  25:54  Command Center, Medivac, Refinery  
  186  26:05  Ghost  
  186  26:10  Ghost  
  186  26:11  Ghost  
  182  26:14  Missile Turret  
  182  26:16  Viking  
  180  26:19  Marauder  
  180  26:24  Viking  
  180  26:25  Marine, Marauder  
  182  26:26  Marine  
  179  26:34  Viking x2  
  179  26:36  Marauder  
  179  26:38  Marine x2  
  180  26:40  Marauder  
  180  26:43  Widow Mine x2  
  184  26:50  Planetary Fortress  
  184  26:52  Marauder, Missile Turret, Marine x2  
  182  26:58  Marine  
  182  26:59  Marine x3  
  182  27:04  Viking x2  
  182  27:05  Marauder, Marine x3  
  187  27:11  Marine  
  187  27:12  Marine  
  187  27:13  Widow Mine x2  
  187  27:14  Marine  
  194  27:16  SCV x2  
  194  27:21  Viking x2  
  187  27:34  Viking x2  
  185  27:42  Marine  
  183  27:51  Viking x2  
  185  27:52  Marine  
  184  28:04  Viking x2  
  183  28:12  Ghost  
  161  28:14  Marauder x2, Marine x8  
  163  28:21  Viking, Medivac, Starport x2  
  163  28:26  Widow Mine x2  
  137  28:32  Marine x8  
  145  28:35  Marine x2  
  145  28:37  Viking x2  
  151  28:41  Marine  
  150  28:49  Ghost x2  
  150  28:53  Viking  
  153  28:57  Marine x4  
  153  29:01  Ghost  
  152  29:07  Viking  
  146  29:12  Marauder  
  146  29:13  Marauder, Marine x2  
  146  29:15  Marine x2  
  138  29:29  Marauder x2  
  138  29:30  Marine  
  138  29:31  Marine  
  142  29:33  Marine x2  
  142  29:34  Marine